 Dungeon Crawl Stone Soup version 0.29.1-13-g9f3cf754e1 (webtiles) character file.

Game seed: 11106136065774563553

1618 ChrisAssaf the Magician (level 8, -1/61 HPs)
             Began as a White Draconian Fire Elementalist on Jan 20, 2023.
             Was an Elder of Jiyva.
             Slain by an orc priest
             ... wielding a +0 hand axe
              (5 damage)
             ... on level 6 of the Dungeon.
             The game lasted 00:25:57 (5047 turns).

ChrisAssaf the Magician (DrFE)                      Turns: 5047, Time: 00:25:57

Health: -1/61      AC:  6    Str: 18    XL:     8   Next: 64%
Magic:  15/15      EV: 12    Int: 15    God:    Jiyva [****..]
Gold:   104        SH:  0    Dex: 11    Spells: 5/17 levels left

rFire   . . .      SeeInvis .   h - +0 arbalest
rCold   + . .      Faith    .   (shield currently unavailable)
rNeg    . . .      Spirit   .   (body armour unavailable)
rPois   .          Reflect  .   (helmet restricted)
rElec   .          Harm     .   (no cloak)
rCorr   +          Rampage  .   (no gloves)
Will    .....                   (no boots)
Stlth   ++........              (no amulet)
HPRegen 1.48/turn               (no ring)
MPRegen 0.54/turn               (no ring)

@: lethally poisoned (-1 -> -4), short of breath
A: breathe frost, AC +6, unfitting armour, cold resistance 1, cold-blooded,
strong 2, wild magic 3, acidic bite, jelly sensing items
a: Breathe Frost, Renounce Religion, Oozemancy, Slimify


You were on level 6 of the Dungeon.
You worshipped Jiyva.
Jiyva was greatly pleased with you.
You visited 1 branch of the dungeon, and saw 6 of its levels.

You collected 104 gold pieces.

Inventory:

Hand Weapons
 c - a +1 dagger of electrocution
 h - a +0 arbalest (weapon)
Missiles
 b - 23 stones
Wands
 e - a wand of flame (26)
 f - a wand of iceblast (11)
Scrolls
 a - 3 scrolls of identify
 i - a scroll of teleportation
Potions
 d - 2 potions of lignification


   Skills:
 * Level 2.1 Fighting
 * Level 2.2 Short Blades
 * Level 1.5 Ranged Weapons
 * Level 2.4 Throwing
 * Level 3.0 Dodging
 * Level 3.3 Stealth
 * Level 5.1 Spellcasting
 * Level 2.8 Conjurations
 * Level 2.2 Hexes
 * Level 1.5 Summonings
 * Level 4.8 Fire Magic
 * Level 1.8 Evocations


You had 5 spell levels left.
You knew the following spells:

 Your Spells              Type           Power      Damage    Failure   Level
a - Foxfire               Conj/Fire      100%       2x1d9     13%         1
b - Scorch                Fire           70%        2d8       13%         2
c - Inner Flame           Hex/Fire       27%        N/A       30%         3
d - Flame Wave            Conj/Fire      29%        2d9       58%         4
e - Call Imp              Summ           15%        N/A       34%         2

Your spell library contained the following spells:

 Spells                   Type           Power      Damage    Failure   Level
 Magic Dart               Conj           92%        1d7       17%         1
 Conjure Flame            Conj/Fire      29%        6-21      28%         3
 Mephitic Cloud           Conj/Pois/Air  12%        N/A       58%         3


Dungeon Overview and Level Annotations

Branches:
Dungeon (6/15)             Temple (0/1) D:4

Altars:
Gozag
Uskayaw
Vehumet
Jiyva


Innate Abilities, Weirdness & Mutations

You can breathe waves of freezing cold which knock back foes.
Your icy white scales are hard. (AC +6)
You cannot fit into any form of body armour.
Your flesh is cold resistant. (rC+)
You are cold-blooded and may be slowed by cold attacks.
Your muscles are very strong. (Str +8, Int/Dex -2)
Your spells are much harder to cast, but much more powerful.
You have acidic saliva.
You have a small jelly attached to you that senses nearby items.


Message History

An orc priest comes into view. It is wielding a +0 dagger.
Unknown command.
Non-targeted confused fire: h) +0 arbalest
Press: ? - help, Q - select action, (/) - cycle Dir - look around, f - activate You shoot a bolt.
The orc priest mumbles some strange prayers to Beogh against you.
Beogh smites you!
You hear a shout!
You hear an angry hiss.
The orc wizard casts a spell.
The orc wizard flickers and vanishes!
Deactivating autopickup; reactivate with Ctrl-A.
An orc comes into view. It is wielding a +0 falchion.
The orc priest looks encouraged for a moment.
The orc priest attacks as you move away!
The orc priest hits you with a +0 hand axe.
The orc priest invokes the aid of Beogh against you.
Beogh smites you!
You're too confused to move!
An orc comes into view. It is wielding a +0 short sword.
You feel less confused.
The orc shouts!
An iguana comes into view.
The orc priest hits you with a +0 hand axe.
Something hits you but does no damage.
You are poisoned.
The orc priest mumbles some strange prayers to Beogh against you.
Beogh smites you! Something hits you but does no damage.
You are more poisoned.
You feel very sick.
The orc priest mumbles some strange prayers to Beogh against you.
Beogh smites you!
* * * LOW HITPOINT WARNING * * *
Unknown command.
Okay, then.
Unknown command.
* * * LOW HITPOINT WARNING * * *
You feel very sick.
The orc priest attacks as you move away!
The orc priest hits you with a +0 hand axe.
You die...

.............#......#
.............#.....l#
.............#......#
.............#...o..#
.............#.oo...#
.............#......#
##'###########......#
.......#....#...o...##
.......'....#...@....#
.......#....#........#
##.....#....#........#
.########...#.......##
.#.....##...##......##.
.#>....#######..........
........................
.#......................
.#.######...........####


You could see an iguana, 2 orc priests and 2 orcs.

Vanquished Creatures
  Sigmund (D:3)
  Edmund (D:4)
  Duvessa (D:4)
  2 black bears (D:6)
  An ogre (D:6)
  A sky beast (D:6)
  A kobold brigand (D:6)
  A bullfrog (D:6)
  2 scorpions
  A necrophage (D:6)
  Dowan (D:4)
  3 orc priests
  A gnoll bouda (D:6)
  2 hounds
  3 iguanas
  Terence (D:3)
  3 orc wizards
  Robin (D:4)
  4 gnolls (D:6)
  2 adders
  A shadow imp (D:4)
  2 ufetubi
  A worm (D:3)
  2 dart slugs
  10 orcs
  2 ball pythons
  5 bats
  3 giant cockroaches
  13 goblins
  8 hobgoblins
  5 kobolds
  2 quokkas
  2 rats
89 creatures vanquished.

Vanquished Creatures (others)
  A black bear (D:5)
  A phantom (D:5)
  8 jellies
  An orc priest (D:6)
  A gnoll (D:1)
  4 adders
  A worm (D:2)
  2 dart slugs
  2 orcs
  4 ball pythons
  2 bats
  2 endoplasms (D:4)
  2 hobgoblins
  4 kobolds
  A frilled lizard (D:1)
  3 goblins
  49 foxfires
  3 fungi (D:1)
  6 plants (D:1)
97 creatures vanquished.

Grand Total: 186 creatures vanquished

Notes
Turn   | Place    | Note
-------+----------+-------------------------------------------
     0 | D:1      | ChrisAssaf the Draconian Fire Elementalist began the quest
                  | for the Orb.
     0 | D:1      | Reached XP level 1. HP: 14/14 MP: 3/3
   376 | D:1      | Reached XP level 2. HP: 20/20 MP: 1/5
   379 | D:1      | Learned a level 2 spell: Scorch
   401 | D:1      | Found a faded altar of an unknown god.
   405 | D:1      | Prayed at the altar of an unknown god.
   405 | D:1      | Became a worshipper of Jiyva Jelabil the Shapeless
   405 | D:1      | Reached * piety under Jiyva
   819 | D:2      | Reached ** piety under Jiyva
  1552 | D:1      | Reached *** piety under Jiyva
  1848 | D:3      | Noticed Sigmund
  1869 | D:4      | Gained mutation: You have a small jelly attached to you
                  | that senses nearby items. [Jiyva's grace]
  1869 | D:4      | Gained mutation: You have acidic saliva. [Jiyva's grace]
  1869 | D:4      | Gained mutation: Your spells are a little harder to cast,
                  | but a little more powerful. [Jiyva's grace]
  1869 | D:4      | Gained mutation: Your spells are harder to cast, but more
                  | powerful. [Jiyva's grace]
  1876 | D:4      | Reached XP level 3. HP: 26/26 MP: 2/6
  1900 | D:4      | Learned a level 3 spell: Inner Flame
  1904 | D:3      | Killed Sigmund
  1905 | D:3      | Reached skill level 1 in Throwing
  1905 | D:3      | Reached skill level 3 in Spellcasting
  1905 | D:3      | Reached XP level 4. HP: 33/33 MP: 3/8
  1905 | D:3      | Reached XP level 5. HP: 38/38 MP: 3/9
  1953 | D:3      | Noticed Terence
  1959 | D:3      | Killed Terence
  2715 | D:4      | Reached skill level 1 in Hexes
  2715 | D:4      | Reached XP level 6. HP: 40/46 MP: 11/11
  2756 | D:4      | Found an opulent altar of Gozag.
  2801 | D:4      | Learned a level 4 spell: Flame Wave
  2823 | D:4      | Noticed Duvessa
  2825 | D:4      | Noticed Dowan
  2843 | D:4      | Killed Duvessa
  2844 | D:4      | Reached skill level 1 in Fighting
  2847 | D:4      | Noticed Robin
  2853 | D:4      | Reached skill level 1 in Short Blades
  2863 | D:4      | Killed Robin
  2867 | D:4      | Killed Dowan
  2868 | D:4      | Your scales start taking on an icy white colour.
  2868 | D:4      | Reached XP level 7. HP: 52/52 MP: 3/12
  2868 | D:4      | Gained mutation: Your flesh is cold resistant. (rC+) [White
                  | Draconian growth]
  2960 | D:4      | Reached skill level 4 in Spellcasting
  2970 | D:4      | Learned a level 2 spell: Call Imp
  3082 | D:4      | Found a staircase to the Ecumenical Temple.
  3376 | D:4      | Noticed Edmund
  3387 | D:4      | Killed Edmund
  3894 | D:5      | Entered Level 5 of the Dungeon
  3981 | D:5      | Found a radiant altar of Vehumet.
  4153 | D:5      | Reached skill level 1 in Evocations
  4248 | D:5      | Identified the +9 falchion of Soocyuss {pain, Fly rF+ Str+4
                  | Int-3}
  4250 | D:5      | Found a hide-covered altar of Uskayaw.
  4455 | D:6      | Reached XP level 8. HP: 38/60 MP: 11/14
  4458 | D:6      | Reached skill level 1 in Summonings
  4552 | D:6      | Reached skill level 1 in Ranged Weapons
  4601 | D:6      | Reached **** piety under Jiyva
  4691 | D:6      | Reached skill level 5 in Spellcasting
  4724 | D:6      | Lost mutation: Your spells are harder to cast, but more
                  | powerful. [Jiyva's grace]
  4724 | D:6      | Gained mutation: Your muscles are strong. (Str +4, Int/Dex
                  | -1) [Jiyva's grace]
  4724 | D:6      | Gained mutation: Your muscles are very strong. (Str +8,
                  | Int/Dex -2) [Jiyva's grace]
  4724 | D:6      | Gained mutation: Your spells are harder to cast, but more
                  | powerful. [Jiyva's grace]
  4724 | D:6      | Gained mutation: Your spells are much harder to cast, but
                  | much more powerful. [Jiyva's grace]
  5047 | D:6      | Slain by an orc priest

Illustrated notes

Levels and vault maps discovered:
D:1:      eino_arrival_cavern_d, layout_basic,
          shapermc_ecumenical_altar_mp_urbaneastern, minmay_misc_feat_plants,
          nicolae_figureground_sparkle
D:2:      layout_loops_ring, minmay_stone_trees_medium
D:3:      layout_loops_ring, minmay_stone_trees_small,
          amcnicky_mini_corridor_feature, grunt_ministairs_8, uniq_sigmund,
          uniq_terence
D:4:      layout_loops_ring, nicolae_overflow_crystal_walls,
          minmay_temple_entry_antechambers, kennysheep_generic_room_6,
          uniq_edmund, uniq_robin, uniq_duvessa
D:5:      layout_basic, fiery_altar_vehumet, lemuel_coloured_pillars_altar,
          kennysheep_generic_room_4
D:6:      layout_gridville

Skill      XL: |  1  2  3  4  5  6  7  8 |
---------------+-------------------------+-----
Stealth        | 2 3 |  3.3
Dodging        | 2 3 |  3.0
Throwing       | 1 2 |  2.4
Spellcasting   | 3 4 5 |  5.1
Fire Magic     | 4 |  4.8
Hexes          | 1 2 |  2.2
Conjurations   | 2 |  2.8
Fighting       | 1 2 |  2.1
Short Blades   | 1 2 |  2.2
Evocations     | 1 |  1.8
Summonings     | 1 |  1.5
Ranged Weapons | 1 |  1.5

Action                   |  1- 3 |  4- 6 |  7- 9 || total
-------------------------+-------+-------+-------++-------
Melee: Unarmed           |     1 |     1 |       ||     2
       Dagger            |       |    22 |     8 ||    30
       Bite              |       |     6 |       ||     6
       Tailslap          |       |     2 |     1 ||     3
 Fire: Arbalest          |       |       |    36 ||    36
Throw: Stone             |     4 |       |       ||     4
 Cast: Foxfire           |    21 |     4 |     6 ||    31
       Scorch            |    21 |    25 |    34 ||    80
       Inner Flame       |       |     1 |     4 ||     5
       Flame Wave        |       |       |     1 ||     1
Invok: Oozemancy         |       |     3 |       ||     3
 Abil: Breathe Frost     |       |       |    15 ||    15
Evoke: Wand              |       |       |     2 ||     2
  Use: Potion            |     1 |     1 |     3 ||     5
       Scroll            |     1 |       |     4 ||     5
 Stab: Sleeping          |       |     1 |       ||     1
Armor: Skin              |    28 |    21 |    25 ||    74
Dodge: Dodged            |    37 |    24 |    59 ||   120
